 Dungeon Crawl Stone Soup version 0.28-a0-628-g3c9886e45e (webtiles) character file.

Game seed: 7124115985080906679

32 kae the Insei (level 3, 0/29 HPs)
             Began as a Draconian Transmuter on Oct 8, 2021.
             Slain by a goblin (3 damage)
             ... led by Robin
             ... on level 2 of the Dungeon.
             The game lasted 00:00:52 (1352 turns).

kae the Insei (Draconian Transmuter)                Turns: 1352, Time: 00:00:53

Health: 0/29       AC:  5    Str: 12    XL:     3   Next: 10%
Magic:  6/6        EV: 12    Int: 13    God:
Gold:   0          SH:  0    Dex: 12    Spells: 2/6 levels left

rFire   . . .      SeeInvis .     - Unarmed
rCold   . . .      Faith    .   (no shield)
rNeg    . . .      Spirit   .   (armour unavailable)
rPois   .          Reflect  .   (helmet restricted)
rElec   .          Harm     .   (no cloak)
rCorr   .          Rampage  .   (no gloves)
Will    .....                   (no boots)
Stlth   +.........              (no amulet)
HPRegen 0.09/turn               (no ring)
MPRegen 0.10/turn               (no ring)

@: no status effects
A: AC +5, unfitting armour, cold-blooded
a: no special abilities


You were on level 2 of the Dungeon.
You visited 1 branch of the dungeon, and saw 2 of its levels.

Inventory:

Jewellery
 c - a ring of protection from fire
Scrolls
 a - a scroll of vulnerability {unknown}
 e - a scroll of noise {unknown}
 g - 2 scrolls of identify {unknown}
Potions
 b - a potion of lignification {unknown}
 d - 2 potions of haste {unknown}
 f - a potion of magic {unknown}


   Skills:
 + Level 1.8 Fighting
 - Level 1.7 Dodging
 * Level 3.7 Unarmed Combat
 - Level 2.0 Spellcasting
 + Level 2.4 Transmutations


You had 2 spell levels left.
You knew the following spells:

 Your Spells              Type           Power      Damage    Failure   Level
a - Beastly Appendage     Tmut           14%        N/A       10%         1
b - Spider Form           Tmut/Pois      2%         N/A       43%         3

Your spell library contained the following spells:

 Spells                   Type           Power      Damage    Failure   Level
 Wereblood                Tmut           7%         N/A       14%         2
 Ice Form                 Ice/Tmut       4%         N/A       83%         4


Dungeon Overview and Level Annotations

Branches:
Dungeon (2/15)

Altars:

Shops:
D:1 *(:

Annotations:
D:2 Robin


Innate Abilities, Weirdness & Mutations

Your plain brown scales are hard. (AC +5)
You cannot fit into any form of body armour.
You are cold-blooded and may be slowed by cold attacks.


Message History

The gnoll shouts!
The gnoll moves out of view.
The gnoll shouts!
You hit the goblin.
Your tail-slap misses the goblin.
The goblin is severely wounded.
The goblin hits you but does no damage.
You completely miss the goblin. Your kick misses the goblin.
Your headbutt misses the goblin.
Your tail-slap misses the goblin.
The goblin is severely wounded.
The goblin closely misses you. The hobgoblin misses you.
The goblin closely misses you. The gnoll hits you but does no damage.
There are monsters nearby!
Robin throws the goblin at you! The goblin closely misses you.
You see here an Everburning Encyclopedia.
You hit the goblin. You headbutt the goblin.
You kill the goblin!
Robin throws the goblin at you! The goblin hits you but does no damage.
The goblin completely misses you.
The gnoll hits you from afar with a +0 halberd!
You barely miss the goblin. Your kick misses the goblin.
The goblin hits you with a +0 dagger. The gnoll misses you.
You barely miss the goblin. The goblin hits you with a +0 club.
The goblin hits you but does no damage. The hobgoblin hits you.
The gnoll barely misses you.
You hit the goblin.
Your tail-slap misses the goblin.
The goblin is moderately wounded.
Your horns disappear.
Your talons disappear.
The goblin hits you but does no damage. x2; The hobgoblin misses you.
The gnoll closely misses you.
You closely miss the goblin.
The goblin is moderately wounded.
The goblin hits you with a +0 club.
* * * LOW HITPOINT WARNING * * *
The goblin hits you with a +0 dagger.
* * * LOW HITPOINT WARNING * * *
You closely miss the goblin.
The goblin is moderately wounded.
The hobgoblin hits you but does no damage.
The gnoll barely misses you. The goblin hits you with a +0 club.
You die...

#. #.#......#.....#....
....#.#.#.#.##.....##...
#(...............##...
###.#.#.#........'..[. # #
...#.#.####.....≈≈≈..
#.#.#####.#........≈≈≈.#..
....#......#..#..≈≈<#.#.#
#.)#.##g#.#....≈≈..#.≈≈#
#.....#@#.#......≈≈≈..≈≈
#...gggg# #########≈.#.≈
#...gg### #≈.#..
......gg....# ##.#..
.....(.#.#### .#.. .......
.. .#.. .....## .#. #..
..... .#.# .... .# .


You could see 3 gnolls, 2 hobgoblins and 4 goblins.

Vanquished Creatures
  A worm (D:2)
  3 endoplasms
  A giant cockroach (D:1)
  5 hobgoblins
  2 quokkas (D:1)
  A ball python (D:1)
  6 bats
  A frilled lizard (D:1)
  4 goblins
  2 kobolds (D:1)
  2 rats (D:1)
  A spectral hobgoblin (D:1)
29 creatures vanquished.

Notes
Turn   | Place    | Note
-------+----------+-------------------------------------------
     0 | D:1      | kae the Draconian Transmuter began the quest for the Orb.
     0 | D:1      | Reached XP level 1. HP: 16/16 MP: 3/3
   212 | D:1      | Found a faded altar of an unknown god.
   351 | D:1      | Reached XP level 2. HP: 23/23 MP: 3/5
   549 | D:1      | Found Eseyrora's Weapon Shoppe.
   743 | D:1      | Found Quroix's Assorted Antiques.
  1039 | D:1      | Found Kabeeg's Book Shoppe.
  1135 | D:2      | Reached XP level 3. HP: 21/29 MP: 6/6
  1311 | D:2      | Learned a level 3 spell: Spider Form
  1339 | D:2      | Noticed Robin
  1352 | D:2      | Slain by a goblin

Illustrated notes

Levels and vault maps discovered:
D:1:      minmay_arrival_checkered_box, layout_basic, serial_shops, shop,
          nicolae_shop_competitors_out_of_business, nicolae_lakefront_shop,
          dreamdust_ecumenical_altar_drowned_temple
D:2:      layout_basic, chequers_serial_rivers_small_b, uniq_robin

Action                   || total
-------------------------++-------
Melee: Unarmed           ||    87
       Kick              ||    12
       Headbutt          ||    12
       Tailslap          ||     5
 Cast: Beastly Appendage ||    18
Armor: Skin              ||    27
Dodge: Dodged            ||    73

Table legend: (Time is in decaauts)
 A = Elapsed time spent in this place.
 B = Non-inter-level travel time spent in this place.
 C = Inter-level travel time spent in this place.
 D = Time resting spent in this place.
 E = Time spent auto-exploring this place.
 F = Levels seen in this place.
 G = Mean time per level.
                   A        B        C        D        E       F      G
               +--------+--------+--------+--------+--------+-----+--------+
         Total |   1350 |   1345 |      5 |      0 |   1115 |   2 |  675.0 |
       Dungeon |   1350 |   1345 |      5 |      0 |   1115 |   2 |  675.0 |
               +--------+--------+--------+--------+--------+-----+--------+

Top non-repeatable levels by time:
     D:1: 1071 daAuts
     D:2: 278 daAuts
